 Dungeon Crawl Stone Soup version 0.21-a0-440-g28109cb (webtiles) character file.

48 zeke the Covered (level 3, 0/33 HPs)
             Began as a Minotaur Fighter on Nov 11, 2017.
             Succumbed to an adder's poison
             ... on level 2 of the Dungeon.
             The game lasted 00:01:58 (686 turns).

zeke the Covered (Minotaur Fighter)                  Turns: 686, Time: 00:01:59

Health: 0/33       AC:  7    Str: 21    XL:     3   Next: 50%
Magic:  2/2        EV:  7    Int:  5    God:
Gold:   77         SH:  9    Dex:  9    Spells: 2/2 levels left

rFire    . . .     SeeInvis .   a - +0 war axe
rCold    . . .     Gourm    .   c - +0 shield
rNeg     . . .     Faith    .   b - +0 scale mail
rPois    .         Spirit   .   (helmet restricted)
rElec    .         Reflect  .   (no cloak)
rCorr    .         Harm     .   (no gloves)
MR       .....                  (no boots)
Stlth    ..........             (no amulet)
HPRegen  0.11/turn              (no ring)
MPRegen  0.08/turn              (no ring)

@: lethally poisoned (0 -> -2), very slightly contaminated, hasted, invisible
(expiring), very quick
A: retaliatory headbutt, horns 2
a: no special abilities


You were on level 2 of the Dungeon.
You were not hungry.

You visited 1 branch of the dungeon, and saw 2 of its levels.

You collected 77 gold pieces.

Inventory:

Hand Weapons
 a - a +0 war axe (weapon)
Armour
 b - a +0 scale mail (worn)
 c - a +0 shield (worn)
Scrolls
 g - 3 scrolls of identify
 h - a scroll of fear
Potions
 d - a potion of might
 e - a potion of invisibility
Comestibles
 f - a bread ration
 j - a royal jelly


   Skills:
 + Level 4.0 Fighting
 * Level 3.5 Axes
 + Level 4.1 Armour
 + Level 0.2 Dodging
 + Level 4.0 Shields


You had 2 spell levels left.
You didn't know any spells.

Dungeon Overview and Level Annotations

Branches:
Dungeon (2/15)

Altars:


Innate Abilities, Weirdness & Mutations

You reflexively headbutt those who attack you in melee.
You have a pair of horns on your head.


Message History

You block the jackal's attack.
You see here a ball python corpse.
You hit the jackal.
The jackal is almost dead.
The jackal barely misses you.
You slash the jackal!
You kill the jackal!
* * * LOW HITPOINT WARNING * * *
You feel sick.
You closely miss the jackal. Your headbutt misses the jackal.
The jackal bites you but does no damage.
You closely miss the jackal.
The jackal bites you but does no damage.
You hit the jackal but do no damage.
You flicker for a moment.
You block the jackal's attack.
The jackal bites you but does no damage.
You catch the helpless jackal completely off-guard!
You hit the jackal but do no damage. Your headbutt misses the jackal.
You die...

*,,,* **,** **,,***,* ** *,,,*
*,** **,,,,,* ***,* **,**
**,,,,*** *****,* **,***,,,*,*
,,,**,***###*******<*,*,,*,******
,,,,****,,...,,,,,,,,,,,,*,,,,,,,
,,,,,* *,**,..,,,,,,,,,,*********
,_,*,***,*,**#.###########
*,**,,**,*,* #.h@........#
***,,,,,,,,**#.#########.#
,,,,,,,*,,,,..** #.#
,,,,,,*****##** #.########
*,,,,** #......... ******
##########


You could see a jackal.

Vanquished Creatures
  An adder (D:2)
  A dart slug (D:1)
  2 leopard geckos (D:1)
  2 ball pythons
  4 bats (D:1)
  7 goblins (D:1)
  5 hobgoblins
  2 jackals (D:2)
  2 frilled lizards (D:1)
  4 kobolds
  3 rats (D:1)
33 creatures vanquished.

Notes
Turn   | Place    | Note
-------+----------+-------------------------------------------
     0 | D:1      | zeke the Minotaur Fighter began the quest for the Orb.
     0 | D:1      | Reached XP level 1. HP: 19/19 MP: 0/0
   153 | D:1      | Reached XP level 2. HP: 22/27 MP: 1/1
   396 | D:1      | Reached XP level 3. HP: 22/33 MP: 2/2
   679 | D:2      | HP: 1/33 [poisoned by an adder]
   686 | D:2      | Succumbed to an adder's poison

Vault maps used:
D:1:      mrwooster_arrival_statue
D:2:      nicolae_dithmenos_through_a_glass_darkly,
          chequers_ecumenical_altar_simple_redux, first_bread,
          hangedman_ru_absence

Skill      XL: |  1  2  3 |
---------------+----------+-----
Armour         | 4 |  4.1
Axes           | 3 |  3.5
Shields        | 4 |  4.0
Fighting       | 4 |  4.0
Dodging        | |  0.2

Action                   || total
-------------------------++-------
Melee: War axe           ||    95
       Headbutt          ||     6
  Use: Scroll            ||     2
       Potion            ||     2
 Stab: Invisible         ||     1
Armor: Scale mail        ||    40
Dodge: Dodged            ||    33
Block: Shield            ||    52

Table legend:
 A = Spawn XP
 B = Non-spawn XP
 C = Spawn XP percentage of total XP
 D = Spawn monster count
 E = Non-spawn monster count
 F = Spawn count percentage of total count
 G = Total turns spent on level
                    A         B        C        D         E        F      G
               +---------+---------+-------+---------+---------+-------+---------
         Total |       0 |      69 |   0.0 |       0 |      33 |   0.0 |   686
               +---------+---------+-------+---------+---------+-------+---------
           D:1 |       0 |      48 |   0.0 |       0 |      27 |   0.0 |   604
           D:2 |       0 |      21 |   0.0 |       0 |       6 |   0.0 |    82
               +---------+---------+-------+---------+---------+-------+---------
